Map: Ruins of Seras

Players

MorroW - Winner!

  • Race: Protoss Protoss
  • League: Master

LiquidSnute (Snute)

  • Race: Zerg Zerg
  • League: Grandmaster

Event: DreamHack ZOWIE Open Leipzig

VOD

Have the link to the VOD?

Description

Time

  • Played on: Jan. 22, 2016, 8:12 a.m.
  • Length: 11:29

All games in this series

Show
View Real Time Build Order
Export as new Build Order

MorroW Protoss - Winner!

Build Orders: Adept Opening, Nexus First, Warp Prism Harass 

Get SALT Encoding   

  12  0:00  Probe (Chrono Boost)  
  13  0:11  Probe (Chrono Boost)  
  14  0:20  Pylon  
  14  0:22  Probe (Chrono Boost)  
  15  0:38  Probe (Chrono Boost)  
  16  0:48  Probe (Chrono Boost)  
  17  1:01  Nexus  
  17  1:03  Probe (Chrono Boost)  
  18  1:13  Probe (Chrono Boost)  
  18  1:17  Gateway  
  19  1:21  Assimilator  
  19  1:24  Probe (Chrono Boost)  
  20  1:29  Assimilator  
  20  1:36  Probe (Chrono Boost)  
  21  1:46  Probe (Chrono Boost)  
  22  1:47  Pylon  
  22  1:52  Gateway  
  22  1:57  Probe (Chrono Boost)  
  23  2:05  Cybernetics Core  
  24  2:08  Probe (Chrono Boost)  
  24  2:12  Probe (Chrono Boost)  
  25  2:19  Probe (Chrono Boost)  
  25  2:21  Zealot (Chrono Boost)  
  28  2:23  Probe (Chrono Boost)  
  29  2:30  Probe  
  29  2:33  Probe  
  31  2:43  Probe (Chrono Boost)  
  32  2:45  Probe (Chrono Boost), Adept (Chrono Boost)  
  32  2:46  Adept (Chrono Boost)  
  32  2:50  Warp Gate  
  37  2:55  Probe (Chrono Boost)  
  37  2:56  Probe (Chrono Boost)  
  39  3:03  Robotics Facility  
  39  3:06  Probe (Chrono Boost)  
  39  3:07  Probe (Chrono Boost)  
  39  3:11  Pylon  
  41  3:17  Probe (Chrono Boost)  
  41  3:18  Probe (Chrono Boost)  
  43  3:25  Assimilator  
  43  3:26  Assimilator  
  43  3:28  Mothership Core (Chrono Boost)  
  43  3:33  Probe (Chrono Boost)  
  46  3:39  Adept  
  46  3:40  Adept  
  50  3:43  Probe (Chrono Boost)  
  50  3:46  Probe (Chrono Boost), Pylon  
  52  3:54  Probe (Chrono Boost)  
  53  3:56  Probe (Chrono Boost)  
  53  3:57  Warp Prism  
  53  4:01  Robotics Bay  
  52  4:07  Probe x2 (Chrono Boost)  
  52  4:09  Adept (Chrono Boost)  
  58  4:10  Adept (Chrono Boost)  
  58  4:18  Pylon x2  
  58  4:19  Probe (Chrono Boost)  
  58  4:20  Probe (Chrono Boost)  
  60  4:31  Probe x2 (Chrono Boost)  
  61  4:36  Observer (Chrono Boost)  
  63  4:44  Nexus  
  63  4:48  Gravitic Drive  
  63  4:50  Probe  
  63  4:52  Probe  
  65  4:57  Disruptor (Chrono Boost)  
  68  5:01  Probe  
  68  5:04  Probe  
  70  5:12  Probe  
  71  5:16  Probe  
  72  5:22  Probe  
  72  5:28  Probe, Disruptor (Chrono Boost)  
  70  5:32  Assimilator  
  70  5:33  Probe, Assimilator  
  70  5:37  Stargate  
  70  5:38  Twilight Council  
  70  5:40  Probe, Pylon  
  70  5:41  Stargate  
  71  5:43  Probe, Forge  
  71  5:44  Zealot x2  
  76  5:53  Probe  
  76  5:54  Probe  
  76  5:56  Probe  
  78  5:57  Pylon x2  
  78  6:00  Pylon  
  79  6:05  Probe  
  79  6:08  Zealot x2  
  79  6:10  Probe x2  
  84  6:15  Protoss Ground Weapons Level 1  
  84  6:17  Probe, Pylon  
  87  6:22  Immortal (Chrono Boost)  
  87  6:24  Charge  
  91  6:27  Protoss Air Weapons Level 1  
  91  6:31  Phoenix  
  93  6:39  Probe x2, Phoenix  
  95  6:40  Probe  
  95  6:42  Photon Cannon  
  98  6:48  Sentry, Stalker  
  98  6:50  Probe x2  
  104  7:02  Phoenix (Chrono Boost)  
  104  7:04  Phoenix (Chrono Boost)  
  108  7:12  Gateway  
  108  7:13  Gateway  
  108  7:14  Gateway  
  108  7:15  Gateway  
  108  7:24  Zealot  
  108  7:25  Zealot, Phoenix (Chrono Boost)  
  108  7:26  Phoenix (Chrono Boost)  
  116  7:33  Pylon  
  116  7:34  Pylon  
  116  7:36  Pylon  
  114  7:37  Pylon x2  
  114  7:38  Templar Archives, Pylon  
  114  7:41  Observer  
  114  7:42  Photon Cannon  
  115  7:48  Phoenix x2 (Chrono Boost)  
  117  8:00  Zealot x2  
  117  8:02  Immortal  
  119  8:13  Fleet Beacon  
  119  8:21  Gateway  
  119  8:23  Gateway  
  119  8:24  Gateway x2  
  119  8:28  High Templar  
  119  8:29  High Templar x4  
  119  8:30  Zealot  
  119  8:31  Protoss Ground Weapons Level 2  
  119  8:33  Archon x2  
  131  8:36  Phoenix (Chrono Boost)  
  131  8:41  Warp Prism  
  135  8:50  Pylon  
  135  8:51  Pylon  
  135  8:56  Nexus  
  131  9:04  Sentry  
  131  9:05  Zealot  
  131  9:06  Zealot x4  
  131  9:08  Phoenix (Chrono Boost)  
  145  9:11  Probe  
  145  9:12  Probe  
  147  9:26  Zealot  
  147  9:27  Zealot x4  
  157  9:36  High Templar x2  
  157  9:37  High Templar x2  
  165  9:40  Archon  
  165  9:41  Archon  
  165  9:51  Zealot x4  
  165  9:52  Zealot x2  
  137  10:19  High Templar x3  
  137  10:20  Zealot x2, High Templar  
  137  10:21  Zealot x3  
  155  10:24  Archon  
  155  10:25  Archon  
  155  10:29  Nexus  
  155  10:31  Immortal  
  155  10:47  Zealot x5  
  107  11:05  Zealot x4  
  107  11:11  Zealot x5  
  109  11:27  Stalker x4  
Show
View Real Time Build Order
Export as new Build Order

LiquidSnute Zerg 

Build Orders: Hatch First, Roach Hydra, Zergling Mutalisk 

Get SALT Encoding   

  12  0:00  Drone  
  13  0:12  Overlord  
  13  0:18  Drone  
  14  0:31  Drone x2  
  14  0:34  Drone  
  17  0:53  Hatchery  
  17  0:56  Drone  
  17  1:10  Spawning Pool  
  16  1:13  Drone  
  16  1:16  Drone  
  18  1:19  Drone  
  19  1:40  Hatchery  
  19  1:42  Drone  
  19  1:45  Drone  
  20  1:57  Queen  
  22  2:05  Queen  
  24  2:10  Overlord  
  24  2:14  Zergling x2  
  25  2:16  Drone  
  25  2:18  Drone  
  25  2:20  Drone  
  28  2:28  Drone x2  
  30  2:34  Queen  
  32  2:41  Queen  
  34  2:50  Zergling x4  
  36  2:52  Queen  
  36  2:57  Overlord  
  38  3:01  Zergling x2  
  38  3:02  Zergling x2  
  40  3:06  Drone x2  
  40  3:11  Overlord  
  42  3:15  Drone x2  
  42  3:17  Zergling x2  
  44  3:21  Zergling x6  
  44  3:26  Overlord  
  47  3:28  Drone  
  47  3:32  Drone x2  
  50  3:37  Drone x3  
  50  3:40  Drone  
  54  3:42  Drone  
  54  3:45  Drone  
  54  3:47  Drone x2  
  58  3:55  Drone x4  
  60  3:56  Drone  
  60  4:00  Spore Crawler  
  61  4:05  Spore Crawler  
  61  4:06  Extractor  
  61  4:08  Spore Crawler, Extractor  
  61  4:09  Drone x3  
  60  4:10  Drone  
  60  4:13  Drone x2  
  60  4:14  Drone  
  63  4:17  Overlord  
  63  4:19  Drone  
  63  4:20  Drone  
  65  4:28  Overlord  
  65  4:37  Drone x5  
  65  4:38  Drone x2  
  72  4:39  Drone  
  72  4:40  Overlord  
  72  4:44  Extractor x2  
  72  4:45  Drone x3  
  74  4:49  Extractor  
  74  4:50  Lair, Evolution Chamber, Extractor  
  74  4:51  Drone  
  72  4:53  Drone x2  
  72  4:55  Drone x2  
  72  4:57  Drone  
  77  5:01  Drone x2  
  77  5:05  Drone  
  77  5:06  Roach Warren  
  79  5:10  Zergling x6  
  76  5:16  Zergling x4  
  76  5:17  Zergling x6  
  74  5:21  Zergling x2  
  74  5:24  Drone  
  74  5:25  Drone x3  
  73  5:32  Drone x2  
  73  5:34  Drone  
  75  5:37  Zerg Missile Weapons Level 1  
  75  5:40  Metabolic Boost  
  75  5:43  Drone  
  75  5:44  Drone  
  75  5:45  Drone  
  78  5:53  Drone, Spire  
  78  5:54  Drone  
  80  5:57  Drone  
  80  5:59  Drone x2  
  80  6:00  Drone  
  80  6:04  Drone x2  
  85  6:05  Drone  
  85  6:10  Glial Reconstitution  
  86  6:11  Drone  
  86  6:12  Drone x2  
  86  6:13  Drone  
  86  6:16  Overlord  
  90  6:21  Overlord  
  90  6:22  Overlord  
  90  6:28  Overlord  
  89  6:38  Queen  
  86  6:41  Drone x4  
  86  6:44  Queen  
  86  6:46  Overlord  
  92  7:05  Mutalisk x2  
  92  7:06  Mutalisk x9  
  114  7:09  Mutalisk  
  116  7:17  Mutalisk  
  116  7:24  Hatchery  
  115  7:30  Hydralisk Den  
  115  7:31  Zerg Missile Weapons Level 2  
  114  7:40  Drone  
  114  7:41  Drone  
  116  7:46  Roach x6  
  116  7:47  Roach  
  116  7:50  Overlord x2  
  130  8:05  Muscular Augments  
  123  8:14  Hydralisk x7  
  123  8:16  Overlord x2  
  135  8:21  Overlord x2  
  135  8:26  Spore Crawler  
  133  8:28  Hydralisk x4  
  139  8:38  Hydralisk x4  
  147  8:47  Roach x5  
  157  9:00  Roach x7  
  157  9:01  Roach  
  173  9:07  Roach  
  173  9:08  Roach x2  
  179  9:14  Overlord x2  
  179  9:16  Lurker Den  
  179  9:22  Queen  
  180  9:34  Roach x4  
  180  9:35  Roach x5  
  184  10:00  Roach  
  184  10:01  Roach x11  
  160  10:07  Roach  
  160  10:08  Roach  
  160  10:10  Hydralisk  
  132  10:14  Hydralisk x4  
  138  10:21  Hydralisk  
  138  10:22  Hydralisk x2  
  138  10:25  Hydralisk  
  146  10:40  Roach  
  146  10:41  Roach x9  
  150  10:56  Roach  
  150  10:57  Roach x5  
  90  11:05  Hydralisk  

Tags
 
Add a new tag
Caveats
  • Supply blocks, unpowered buildings, or Contaminate may cause inaccurate times.
  • Supply counts are checked every 10 seconds.